 Dungeon Crawl Stone Soup version bcrawl-1.37.2 (webtiles) character file.

Game seed: 7014525949401302955

635531 Morbidden the Grappler (level 14, -1/157 HPs)
             Began as a Troll Archaeologist on Dec 29, 2022.
             Was the Champion of Cheibriados.
             Splashed by a goliath frog's acid (9 damage)
             ... on level 6 of the Lair of Beasts.
             The game lasted 00:25:44 (13502 turns).

Morbidden the Grappler (Troll Archaeologist)       Turns: 13502, Time: 00:25:44

Health: -1/157     AC: -5    Str: 45    XL:     14   Next: 28%
Magic:  22/22      EV: 18    Int: 36    God:    Cheibriados [******]
Gold:   1345       SH:  0    Dex: 23    Spells: 16/25 levels left

rFire    x . .     GDR:     44%   - Ice fists (freeze) (58.5)
rCold    + + +     SeeInvis +   (shield currently unavailable)
rNeg     . . .     Gourm    +   (armour unavailable)
rPois    +         Faith    .   (helmet currently unavailable)
rElec    .         Spirit   .   c - +1 cloak "Ahosaim" {Regen+}
rCorr    .         Reflect  .   (gloves unavailable)
MR       +++++     Clarity  +   (boots unavailable)
Stlth    ++........             (no amulet)
HPRegen  1.56/turn              f - ring of Wifoam {+Inv MR++ Int+7 SInv Stlth-}
MPRegen  0.18/turn              B - +7 ring of strength

@: ice-form, corroded, very slow
A: large, almost no armour, fast metabolism 3, gourmand, regeneration 2, AC +10
a: End Transformation, Bend Time, Defer, Temporal Distortion, Step From Time,
Renounce Religion, Evoke Invisibility


You were on level 6 of the Lair of Beasts.
You worshipped Cheibriados.
Cheibriados was exalted by your worship.
You were very full.
You were a creature of crystalline ice.
You visited 2 branches of the dungeon, and saw 16 of its levels.

You collected 1345 gold pieces.

Inventory:

Hand Weapons
 b - a +0 blowgun
Missiles
 d - 5 curare-tipped needles
 l - 3323 stones (quivered)
 n - 3 throwing nets {=f}
 s - 49 poisoned tomahawks
 u - 495 poisoned needles
 F - 49 javelins
Armour
 c - the +1 cloak "Ahosaim" (worn) {Regen+}
   (You found it on level 10 of the Dungeon)

   It increases your rate of regeneration.
 y - a +2 hat of magic resistance (melded)
Jewellery
 f - the ring of Wifoam (left front paw) {+Inv MR++ Int+7 SInv Stlth-}
   (You acquired it on level 2 of the Dungeon)

   [ring of intelligence]

   It affects your intelligence (+7).
   It affects your resistance to hostile enchantments.
   It lets you see invisible.
   It lets you turn invisible.
   It makes you less stealthy.
 h - an uncursed ring of protection from magic
 B - a +7 ring of strength (right front paw)
 D - an uncursed ring of positive energy
 N - the ring "Culusmie" {Ice Str+5 Dex-2}
   (You found it on level 1 of the Lair of Beasts)

   [ring of ice]

   It enhances your ice magic.
   It affects your strength (+5).
   It affects your dexterity (-2).
   It makes you vulnerable to fire.
   It protects you from cold.
 R - an uncursed ring of see invisible
 T - an uncursed ring of magical power
Wands
 C - a wand of acid (6)
 G - a wand of digging (11)
 I - a wand of charming (10)
 J - a wand of flame (47)
 M - a wand of paralysis (18)
 O - a wand of iceblast (6)
Scrolls
 a - 4 scrolls of remove curse
 g - 3 scrolls of magic mapping
 j - 4 scrolls of enchant weapon {unknown}
 o - 3 scrolls of blinking
 p - 3 scrolls of fear
 t - 5 scrolls of fog
 z - 2 scrolls of enchant armour {unknown}
 E - 2 scrolls of amnesia {unknown}
 H - a scroll of vulnerability {unknown}
 K - 8 scrolls of teleportation {unknown}
 P - 2 scrolls of noise {unknown}
 S - a scroll of immolation {unknown}
Potions
 k - a potion of ambrosia {unknown}
 m - 4 potions of flight
 q - 4 potions of mutation
 r - 5 potions of brilliance {unknown}
 v - 4 potions of curing
 w - a potion of degeneration
 x - a potion of haste {unknown}
 A - a potion of heal wounds
 L - 2 potions of berserk rage {unknown}
 Q - 5 potions of cancellation {unknown}
Comestibles
 e - 31 rations {!d}
 i - 6 chunks of flesh


   Skills:
 * Level 6.7 Fighting
   Level 1.0 Maces & Flails
 * Level 8.4 Throwing
 * Level 8.9 Dodging
 + Level 2.5 Stealth
 * Level 14.7 Unarmed Combat
 * Level 6.2 Spellcasting
 * Level 2.4 Transmutations
 * Level 2.7 Ice Magic
 * Level 6.6 Invocations
 * Level 2.8 Evocations


You had 16 spell levels left.
You knew the following spells:

 Your Spells              Type           Power        Failure   Level  Hunger
a - Blade Hands           Tmut           ####......   34%         5    #####..
b - Ice Form              Ice/Tmut       ####....     12%         4    ####...

Your spell library contained the following spells:

 Spells                   Type           Power        Failure   Level  Hunger
 Beastly Appendage        Tmut           ####..       1%          1    None
 Sticks to Snakes         Tmut           ####....     1%          2    None
 Passwall                 Tmut/Erth      ###.....     3%          2    None
 Sublimation of Blood     Necr           ##........   5%          2    None
 Spider Form              Tmut/Pois      ###          6%          3    #......
 Ignite Poison            Fire/Tmut/Pois ###.....     8%          3    #......
 Petrify                  Tmut/Erth      ###.......   21%         4    ####...
 Sticky Flame             Conj/Fire      ##......     34%         4    ####...
 Ozocubu's Refrigeration  Ice            ####......   86%         6    #######
 Virulence                Hex/Pois       ##......     99%         6    #######


Dungeon Overview and Level Annotations

Branches:
Dungeon (10/12)            Temple (0/1) D:7            Lair (6/6) D:9
  Snake (0/3) Lair:4       Spider (0/3) Lair:3        Slime (0/5) Lair:6
    Orc (0/1) D:9

Altars:
Cheibriados
Elyvilon
Lugonu
Okawaru
Vehumet
Jiyva

Shops:
D:5 [   D:8 [

Portals:
Trove: D:10 (show abyssal rune of Zot)

Annotations:
D:3 1 runed translucent door, foxfromabyss's ghost, amateur GnAc
D:4 1 runed translucent door, foxfromabyss's ghost, amateur DsCK
Lair:1 exclusions: 4 doors and hydra


Innate Abilities, Weirdness & Mutations

You cannot wear most types of armour.
((Your thick skin is tough. (AC +10)))
You are too large for most types of armour.
((You have claws for hands.))
Your metabolism is lightning-fast.
You like to eat raw meat.
You heal very quickly.
((You are mostly covered in iridescent scales. (AC +4)))


Message History

No path to travel!
No path to travel!
You punch the goliath frog! You freeze the goliath frog.
The goliath frog is moderately wounded.
No path to travel!
No path to travel!
You pummel the goliath frog!! You freeze the goliath frog!
The goliath frog is almost dead.
The goliath frog hits you.
* * * LOW HITPOINT WARNING * * *
The acid corrodes you!
You are splashed with acid.
* * * LOW HITPOINT WARNING * * *
No path to travel!
No path to travel!
You hit the goliath frog but do no damage.
The goliath frog is almost dead.
The goliath frog hits you!
* * * LOW HITPOINT WARNING * * *
You are splashed with acid!
You die...

...8..............
..................#
...........♣......#
..)........♣......# ..
♣......♣%........# #..
#......♣.........#
#...##.......$.......#
....#...# #....FY....#
...#.... #.....††...#
.......#####........##
..#....##..........##
....h.D..#...P.....#
###.h.###..........#
##<.##.....#....##
##..####.......#
#####.#.# #...P...#


You could see a goliath frog.

Vanquished Creatures
  Gastronok (D:8)
  Kirke (Lair:3)
  Urug (Lair:2)
  Harold (D:9)
  Erolcha (D:10)
  7 hydras
  Psyche (D:8)
  Sonja (D:10)
  3 death yaks (Lair:1)
  2 two-headed ogres
  A centaur warrior (D:9)
  5 black mambas
  14 elephants
  Joseph (Lair:1)
  10 cane toads
  5 jumping spiders (Lair:3)
  2 rime drakes
  3 komodo dragons
  2 yaktaurs
  A freezing wraith (D:10)
  3 polar bears
  4 trolls
  Prince Ribbit (D:8)
  13 blink frogs
  A meliai zombie (D:10)
  Grum (D:9)
  8 hippogriffs
  A shadow (D:10)
  A vampire (D:7)
  3 wyverns
  30 yaks
  2 steam dragons (Lair:3)
  3 basilisks
  A hog (Lair:3)
  Edmund (D:5)
  3 redbacks (Lair:3)
  5 water moccasins
  3 nagas (Lair:4)
  12 crocodiles
  10 porcupines
  6 orc warriors
  A hornet zombie (D:6)
  A sky beast (D:8)
  An ice beast (D:5)
  3 soldier ants (D:10)
  A black bear (D:10)
  5 phantoms
  5 ogres
  5 boggarts
  17 wolves
  4 kobold brigands
  13 bullfrogs
  A gnoll sergeant (D:8)
  6 centaurs
  2 water moccasin skeletons
  5 scorpions
  6 killer bees (D:10)
  2 jellies
  2 troll zombies (D:9)
  5 wights
  3 orc priests
  4 crimson imps
  2 bullfrog zombies
  3 hounds
  A quasit (D:6)
  9 orc wizards
  3 bullfrog skeletons
  2 iguanas
  10 worker ants
  4 ogre zombies (D:9)
  A hound skeleton (D:8)
  A howler monkey zombie (D:10)
  A worker ant zombie (D:6)
  7 gnolls
  A howler monkey skeleton (D:9)
  10 adders
  2 shadow imps (D:10)
  An ooze (D:6)
  2 adder skeletons (D:6)
  2 adder zombies
  3 worms
  2 dart slugs
  3 leopard geckos
  38 orcs
  2 bats
  A giant cockroach (D:2)
  3 hobgoblins (D:2)
  15 jackals
  29 kobolds
  8 quokkas
  6 ball pythons
  4 frilled lizards
  6 goblins
  2 goblin skeletons (D:9)
  A goblin zombie (D:9)
  2 hobgoblin zombies (D:9)
  A jackal skeleton (D:4)
  14 orc zombies (D:9)
  4 rats
473 creatures vanquished.

Vanquished Creatures (others)
  A yak (Lair:4)
  2 humans (Lair:3)
  A porcupine (Lair:3)
  17 fungi
  10 plants
31 creatures vanquished.

Grand Total: 504 creatures vanquished

Notes
Turn   | Place    | Note
-------+----------+-------------------------------------------
     0 | D:1      | Morbidden the Troll Archaeologist began the quest for the
                  | Orb.
     0 | D:1      | Reached XP level 1. HP: 18/18 MP: 0/0
   491 | D:1      | Reached XP level 2. HP: 26/26 MP: 1/1
   804 | D:2      | Reached skill level 1 in Fighting
   809 | D:2      | Gained mutation: You are partially covered in iridescent
                  | scales. (AC +2) [potion of mutation]
   809 | D:2      | Gained mutation: You are mostly covered in iridescent
                  | scales. (AC +4) [potion of mutation]
   819 | D:2      | Reached XP level 3. HP: 33/33 MP: 2/2
   859 | D:2      | Reached skill level 1 in Unarmed Combat
  1410 | D:3      | Noticed an ogre
  1418 | D:3      | Reached skill level 1 in Throwing
  1418 | D:3      | Gained mutation: Your natural rate of healing is unusually
                  | fast. [Troll growth]
  1418 | D:3      | Reached XP level 4. HP: 41/41 MP: 3/3
  1424 | D:2      | Killed an ogre
  1425 | D:2      | Reached skill level 2 in Unarmed Combat
  1425 | D:2      | Reached XP level 5. HP: 43/48 MP: 3/5
  1425 | D:2      | Identified a scroll of acquirement
  1430 | D:2      | Identified the ring of Wifoam {+Inv MR++ Int+7 SInv Stlth-}
                  | (You acquired it on level 2 of the Dungeon)
  1455 | D:3      | Reached skill level 3 in Unarmed Combat
  1487 | D:3      | Found a runed translucent door.
  1487 | D:3      | Noticed foxfromabyss's ghost (amateur GnAc)
  1747 | D:3      | Reached XP level 6. HP: 55/55 MP: 6/6
  1939 | D:3      | Reached skill level 1 in Spellcasting
  2343 | D:4      | Reached skill level 4 in Unarmed Combat
  2413 | D:4      | Reached XP level 7. HP: 63/63 MP: 7/7
  2626 | D:4      | Found a runed translucent door.
  2630 | D:4      | Noticed foxfromabyss's ghost (amateur DsCK)
  2849 | D:4      | Reached skill level 5 in Unarmed Combat
  3052 | D:5      | Entered Level 5 of the Dungeon
  3144 | D:5      | Reached XP level 8. HP: 42/74 MP: 9/9
  3304 | D:5      | Noticed Edmund
  3314 | D:5      | Killed Edmund
  3315 | D:5      | Reached skill level 6 in Unarmed Combat
  3471 | D:5      | Found Ozoece's Antique Armour Shop.
  3662 | D:5      | Got a scorched quarterstaff
  3858 | D:6      | Reached skill level 7 in Unarmed Combat
  3956 | D:6      | Reached skill level 5 in Dodging
  4082 | D:6      | Noticed a troll
  4087 | D:6      | Killed a troll
  4234 | D:6      | Reached XP level 9. HP: 66/80 MP: 11/11
  4271 | D:6      | Found a radiant altar of Vehumet.
  4280 | D:6      | Found an iron altar of Okawaru.
  4282 | D:6      | Found a snail-covered altar of Cheibriados.
  4307 | D:6      | Became a worshipper of Cheibriados the Contemplative
  4589 | D:6      | Reached skill level 1 in Invocations
  4625 | D:6      | Reached skill level 8 in Unarmed Combat
  5054 | D:7      | Reached * piety under Cheibriados
  5305 | D:7      | Found a staircase to the Ecumenical Temple.
  5604 | D:7      | Reached skill level 9 in Unarmed Combat
  5638 | D:7      | Noticed a troll
  5646 | D:7      | Killed a troll
  5797 | D:8      | Reached XP level 10. HP: 91/91 MP: 13/13
  5833 | D:8      | Noticed Gastronok
  5858 | D:8      | Killed Gastronok
  5859 | D:8      | Reached skill level 5 in Throwing
  5859 | D:8      | Reached skill level 10 in Unarmed Combat
  5862 | D:8      | Reached ** piety under Cheibriados
  5994 | D:8      | Noticed Prince Ribbit
  6005 | D:8      | Reached XP level 11. HP: 91/101 MP: 15/15
  6023 | D:8      | Killed Prince Ribbit
  6083 | D:8      | Found Opil Yne's Antique Armour Shop.
  6116 | D:8      | Noticed Psyche
  6125 | D:8      | Killed Psyche
  6662 | D:9      | Found a white marble altar of Elyvilon.
  6736 | D:9      | Noticed a centaur warrior
  6738 | D:9      | Found a staircase to the Orcish Mines.
  6794 | D:9      | Reached *** piety under Cheibriados
  6840 | D:9      | Killed a centaur warrior
  6841 | D:9      | Reached skill level 11 in Unarmed Combat
  6953 | D:9      | Noticed Harold
  6980 | D:9      | Killed Harold
  7052 | D:9      | Got a brightly glowing war axe
  7244 | D:9      | Noticed Grum
  7258 | D:9      | Killed Grum
  7298 | D:9      | Reached **** piety under Cheibriados
  7410 | D:9      | Noticed a two-headed ogre
  7421 | D:9      | Killed a two-headed ogre
  7572 | D:9      | Found a staircase to the Lair.
  7635 | D:9      | HP: 5/101 [yaktaur/bolt (2)]
  7908 | D:9      | Found a corrupted altar of Lugonu.
  8005 | D:10     | Entered Level 10 of the Dungeon
  8010 | D:10     | Noticed Sonja
  8085 | D:10     | Killed Sonja
  8086 | D:10     | Reached skill level 5 in Fighting
  8094 | D:10     | Got a distressingly furry cloak
  8101 | D:10     | Identified the +1 cloak "Ahosaim" {Regen+} (You found it on
                  | level 10 of the Dungeon)
  8159 | D:10     | Reached ***** piety under Cheibriados
  8163 | D:10     | Noticed Erolcha
  8171 | D:10     | Killed Erolcha
  8172 | D:10     | Reached skill level 12 in Unarmed Combat
  8316 | D:10     | Found a portal to a secret trove of treasure.
  8441 | D:10     | Gained mutation: You heal very quickly. [Troll growth]
  8441 | D:10     | Reached XP level 12. HP: 105/111 MP: 18/18
  8564 | D:10     | Reached skill level 5 in Spellcasting
  8827 | D:10     | Noticed a two-headed ogre
  8840 | D:10     | Killed a two-headed ogre
  8942 | Lair:1   | Entered Level 1 of the Lair of Beasts
  9132 | Lair:1   | Reached skill level 5 in Invocations
  9206 | Lair:1   | Noticed a death yak
  9208 | Lair:1   | Noticed a death yak
  9208 | Lair:1   | Noticed a death yak
  9210 | Lair:1   | Killed a death yak
  9211 | Lair:1   | Reached skill level 13 in Unarmed Combat
  9214 | Lair:1   | Killed a death yak
  9221 | Lair:1   | Killed a death yak
  9372 | Lair:1   | Got a sparkling bronze ring
  9429 | Lair:1   | Noticed a seven-headed hydra
  9499 | Lair:1   | Noticed Joseph
  9515 | Lair:1   | Killed Joseph
  9587 | Lair:1   | Reached skill level 1 in Evocations
  9630 | Lair:1   | Noticed a seven-headed hydra
  9794 | Lair:2   | Noticed Urug
  9827 | Lair:2   | Killed Urug
 10080 | Lair:2   | Got a twisted long sword
 10090 | Lair:2   | Identified the ring "Culusmie" {Ice Str+5 Dex-2} (You found
                  | it on level 1 of the Lair of Beasts)
 10091 | Lair:2   | Identified the cursed +1 long sword of Annihilation {venom,
                  | rPois} (You found it on level 2 of the Lair of Beasts)
 10199 | Lair:2   | Reached ****** piety under Cheibriados
 10341 | Lair:2   | Learned a level 5 spell: Blade Hands
 10481 | Lair:2   | Learned a level 4 spell: Ice Form
 10500 | Lair:3   | Reached XP level 13. HP: 119/120 MP: 20/20
 10557 | Lair:3   | Found a hole to the Spider Nest.
 10627 | Lair:3   | Noticed Kirke
 10637 | Lair:3   | Killed Kirke
 10638 | Lair:3   | Reached skill level 1 in Transmutations
 10678 | Lair:3   | Reached skill level 1 in Ice Magic
 11386 | Lair:4   | Found a staircase to the Snake Pit.
 11566 | Lair:4   | Reached skill level 14 in Unarmed Combat
 12464 | Lair:5   | Reached XP level 14. HP: 125/131 MP: 22/22
 13046 | Lair:6   | Entered Level 6 of the Lair of Beasts
 13093 | Lair:6   | Found a viscous altar of Jiyva.
 13095 | Lair:6   | Found a staircase to the Slime Pits.
 13497 | Lair:6   | HP: 5/157 [acid (10)]
 13502 | Lair:6   | Splashed by a goliath frog's acid

Skill      XL: |  1  2  3  4  5  6  7  8  9 10 11 12 13 |
---------------+----------------------------------------+-----
Fighting       | 1 2 3 4 5 6 |  6.7
Unarmed Combat | 1 2 3 4 5 7 9 10 12 13 14 | 14.7
Throwing       | 1 2 3 4 5 6 7 8 |  8.4
Dodging        | 3 4 5 6 7 8 |  8.9
Spellcasting   | 1 2 3 4 5 6 |  6.2
Stealth        | 2 |  2.5
Invocations    | 2 3 4 5 6 |  6.6
Evocations     | 1 2 |  2.8
Transmutations | 2 |  2.4
Ice Magic      | 2 |  2.7
Maces & Flails | |  1.0

Action                   |  1- 3 |  4- 6 |  7- 9 | 10-12 | 13-15 || total
-------------------------+-------+-------+-------+-------+-------++-------
Melee: Unarmed           |   118 |   150 |   342 |   476 |   290 ||  1376
       Punch             |       |     2 |     8 |    33 |    28 ||    71
 Fire: Blowgun           |       |     2 |    10 |    19 |       ||    31
Throw: Stone             |    61 |    22 |    44 |   102 |    82 ||   311
       Tomahawk          |       |       |       |    19 |       ||    19
       Javelin           |       |       |       |       |    37 ||    37
 Cast: Ice Form          |       |       |       |       |     1 ||     1
Evoke: Wand              |       |       |     1 |       |     1 ||     2
  Use: Potion            |     3 |       |     1 |     4 |     1 ||     9
       Scroll            |     1 |     1 |     1 |     6 |     9 ||    18
 Stab: Sleeping          |     2 |       |       |     1 |       ||     3
       Distracted        |       |       |       |     1 |       ||     1
  Eat: Chunk             |    18 |    10 |    28 |    33 |    23 ||   112
Armor: Skin              |    88 |    64 |   164 |   180 |   130 ||   626
Dodge: Dodged            |    70 |    68 |   196 |   375 |   336 ||  1045
